 Dungeon Crawl Stone Soup version 0.27.1 (webtiles) character file.

Game seed: 161244365220946220

12 hawla the Sneak (level 2, -1/16 HPs)
             Began as a Deep Elf Delver on Aug 26, 2021.
             Slain by a scorpion zombie (6 damage)
             ... on level 5 of the Dungeon.
             The game lasted 00:02:01 (565 turns).

hawla the Sneak (Deep Elf Delver)                    Turns: 565, Time: 00:02:01

Health: -1/16      AC:  3    Str:  9    XL:     2   Next: 20%
Magic:  4/4        EV: 12    Int: 14    God:
Gold:   11         SH:  0    Dex: 16    Spells: 1/1 levels left

rFire    . . .     SeeInvis .   d - +0 rapier
rCold    . . .     Faith    .   (no shield)
rNeg     . . .     Spirit   .   b - +0 leather armour
rPois    .         Reflect  .   (no helmet)
rElec    .         Harm     .   (no cloak)
rCorr    .         Rampage  .   (no gloves)
Will     .....                  (no boots)
Stlth    +++.......             (no amulet)
HPRegen  0.05/turn              (no ring)
MPRegen  0.09/turn              (no ring)

@: no status effects
A: hooves 1, deterioration 1, frail 1
a: no special abilities


You were on level 5 of the Dungeon.
You visited 1 branch of the dungeon, and saw 2 of its levels.

You collected 11 gold pieces.

Inventory:

Hand Weapons
 a - a +0 short sword
 d - a +0 rapier (weapon)
Armour
 b - a +0 leather armour (worn)
Wands
 g - a wand of digging (3)
Scrolls
 c - a scroll of fog
 e - a scroll of fear
 h - a scroll of identify {unknown}
Potions
 f - a potion of haste


   Skills:
 + Level 2.5 Fighting
 + Level 2.0 Short Blades
 + Level 2.5 Dodging
 + Level 6.5 Stealth


You had one spell level left.
You didn't know any spells.
Your spell library was empty.

Dungeon Overview and Level Annotations

Branches:
Dungeon (6/15)
 Temple: D:4-7

Altars:


Innate Abilities, Weirdness & Mutations

You have large cloven feet.
Your body sometimes deteriorates upon taking damage.
You are frail. (-10% HP)


Message History

You hit the scorpion zombie.
The scorpion zombie is lightly damaged.
The scorpion zombie misses you.
You hit the scorpion zombie. Your kick misses the scorpion zombie.
The scorpion zombie is lightly damaged.
The scorpion zombie hits you.
You hit the scorpion zombie but do no damage.
The scorpion zombie is lightly damaged.
The scorpion zombie hits you. The scorpion zombie hits you.
You climb downwards.
There is a stone staircase leading up here.
You start resting.
HP restored.
You climb upwards.
You hear the hiss of flowing sand.
There is an entrance to an ossuary on this level.
Hurry and find it before the portal is buried!
You hear the rapid hiss of an avalanche of sand very nearby.
The scorpion zombie hits you. The scorpion zombie closely misses you.
There is a stone staircase leading down, spattered with blood here.
You hit the scorpion zombie. You kick the scorpion zombie.
The scorpion zombie is moderately damaged.
The scorpion zombie hits you.
You hit the scorpion zombie.
The scorpion zombie is moderately damaged.
The scorpion zombie closely misses you.
You hit the scorpion zombie.
The scorpion zombie is heavily damaged.
The scorpion zombie hits you but does no damage.
You barely miss the scorpion zombie.
The scorpion zombie is heavily damaged.
The scorpion zombie closely misses you.
You puncture the scorpion zombie!
The scorpion zombie is severely damaged.
The scorpion zombie hits you.
You hit the scorpion zombie.
The scorpion zombie is severely damaged.
The scorpion zombie barely misses you. The scorpion zombie hits you.
You die...

#$.....#,,,,**
**,,,,
#......#,,,,,*
**,,,,
#......#,,,,,*
*,,,,,
#......#,,,,,*
*,,,,,
#......#,,,,,*
*,,,,,
#......#,,,,,*
*,,,,,
#......#,,,,,*
*,,,,,
#......#,,,,**
*,>,,,
#....Z@#*****
*,,,,,
#......#
*,,,,,
#......#
*,,,,,
#......#
*,,,,,
#......#
*,,,,,
#......#
*,,,,,
#......#
*,,,,,
######.#
*,,,,,
#.....######
*,,,,,


You could see a scorpion zombie.

Vanquished Creatures
  A hound skeleton (D:5)
1 creature vanquished.

Notes
Turn   | Place    | Note
-------+----------+-------------------------------------------
     0 | D:5      | hawla the Deep Elf Delver began the quest for the Orb.
     0 | D:5      | Reached XP level 1. HP: 13/13 MP: 3/3
    26 | D:5      | Gained mutation: You have large cloven feet. [potion of
                  | mutation]
    26 | D:5      | Gained mutation: You are frail. (-10% HP) [potion of
                  | mutation]
    26 | D:5      | Gained mutation: Your body sometimes deteriorates upon
                  | taking damage. [potion of mutation]
    30 | D:5      | Reached XP level 2. HP: 1/16 MP: 4/4
   565 | D:5      | Slain by a scorpion zombie

Illustrated notes

Levels and vault maps discovered:
D:5:      layout_gridville, enter_ossuary_3, uniq_duvessa
D:6:      kennysheep_steamy, layout_basic, gammafunk_temple_overflow_elements,
          nicolae_lava_and_water, kennysheep_potato

Action                   || total
-------------------------++-------
Melee: Short sword       ||     8
       Rapier            ||    11
       Kick              ||     2
  Use: Scroll            ||     1
       Potion            ||     1
Armor: Leather armour    ||     4
Dodge: Dodged            ||    12
